 Dungeon Sprint DCSS version 0.31-a0-875-g02e7d12df6 (webtiles) character file.

Game seed: 10868473012771358747

107 sircluck the Ruffian (level 4, -6/50 HPs)
             Began as a Troll Berserker on Oct 12, 2023.
             Was a Priest of Trog.
             Mangled by a water elemental (16 damage)
             ... in the Dungeon (Sprint III: "The Ten Rune Challenge").
             The game lasted 00:00:36 (100 turns).

sircluck the Ruffian (Troll Berserker)               Turns: 100, Time: 00:00:36

Health: -6/50      AC:  5    Str: 27    XL:     4   Next: 56%
Magic:  2/2        EV: 10    Int:  3    God:    Trog [***...]
Gold:   35         SH:  0    Dex:  9    Spells: 3/3 levels left

rFire   . .          .
                       - Unarmed
rCold   . . .        (no shield)
rNeg    . . .        a - +0 animal skin
rPois   .            (helmet restricted)
rElec   .            (no cloak)
rCorr   .            (gloves unavailable)
SInv    .            (boots unavailable)
Will    .....        (no amulet)
Stlth   +            (no ring)
HPRegen 1.08/turn    (no ring)
MPRegen 0.08/turn

%: no teleportation
@: no status effects
A: large, unfitting armour, claws 3, regeneration 1, shaggy fur 2, tough skin 1,
low MP 1
a: Renounce Religion, Berserk, Trog's Hand


You were in the Dungeon.
You worshipped Trog.
Trog was most pleased with you.
You visited 1 branch You collected 35 gold pieces.

Inventory:

Armour
 a - a +0 animal skin (worn)
Scrolls
 g - a scroll of blinking
 i - a scroll of torment {unknown}
 j - 3 scrolls of identify
 l - a scroll of poison {unknown}
Potions
 b - a potion of curing
 c - 2 potions of heal wounds
 d - a potion of haste
 e - 2 potions of magic
 f - a potion of berserk rage
 k - 2 potions of enlightenment


   Skills:
 + Level 5.0 Fighting
 + Level 5.0 Dodging
 + Level 6.0 Unarmed Combat


You had 3 spell levels left.
You didn't know any spells.
Your spell library was empty.

Dungeon Overview and Level Annotations

Branches:
Dungeon (1/1)

Altars:


Innate Abilities, Weirdness & Mutations

You are too large for most types of armour.
You have claws for hands.
Your natural rate of healing is unusually fast.
You are covered in thick fur. (AC +2)
You have tough skin. (AC +1)
Your magical capacity is low. (-10% MP)


Message History

You feel genetically stable.
You feel resistant to heat.
You feel extremely strange.
You feel genetically unstable.
You no longer feel heat resistant.
Your toenails lengthen and sharpen.
You feel extremely strange.
Your talons dull and shrink into feet.
You occasionally lose the ability to read scrolls when taking damage.
You feel strong-willed.
Your fur grows into a thick mane.
Autopickup is now off.
Autopickup is now on.
You feel extremely strange.
You no longer become unable to read scrolls after taking damage.
You no longer feel strong-willed.
You feel less energetic.
There is an open door here.
You enter the shallow water.
You open the door.
A water elemental comes into view.
The water elemental hits you!
There is an open door to the Ecumenical Temple, spattered with blood here.
You claw the water elemental!
The water elemental is moderately damaged.
The water elemental hits you!
The water elemental engulfs you in water!
You claw the water elemental!
The water elemental is almost destroyed.
Your lungs strain for air!
The water elemental hits you!
* * * LOW HITPOINT WARNING * * *
You are too injured to fight recklessly!
You are too injured to fight recklessly!
You are too injured to fight recklessly!
You are too injured to fight recklessly!
You are too injured to fight recklessly!
You are too injured to fight recklessly!
You are too injured to fight recklessly!
You slip free of the water engulfing you.
You gasp with relief as air once again reaches your lungs.
The water elemental attacks as it pursues you!
The water elemental hits you!
You die...

▓▓▓▓▓▓▓▓▓▓▓▓ ▓▓▓
<.#..'...♣.♣♣ ♣.#
..#..#......♣ ♣.#
#'####.....♣♣ ♣♣.#
.....#....~♣ ♣♣..###+#+##
†....#...~~♣♣♣.♣.#.......
.....#..~~~~♣♣..@E.⌠.....
####'#..~≈≈~~~...#...####
....)#.~~≈~~~....#.⌠.#
.....#.~≈~~~.....#...#
.....#.~~~.......#+###
'#####...........#
..........†......#
▓▓▓▓▓▓▓▓▓▓▓▓▓▓▓▓▓▓


You could see a water elemental.

Vanquished Creatures
  A scorpion (D)
  Jessica (D)
  A human (D)
  3 rats (D)
6 creatures vanquished.

Notes
Turn   | Place    | Note
-------+----------+-------------------------------------------
     0 | D        | sircluck the Troll Berserker began the quest for the Orb.
     0 | D        | Reached XP level 1. HP: 22/22 MP: 0/0
    10 | D        | Noticed Jessica
    13 | D        | Killed Jessica
    13 | D        | Reached ** piety under Trog
    14 | D        | Reached skill level 4 in Unarmed Combat
    14 | D        | Reached XP level 2. HP: 32/32 MP: 1/1
    51 | D        | Reached XP level 3. HP: 39/39 MP: 2/2
    53 | D        | Noticed a scorpion
    60 | D        | Killed a scorpion
    60 | D        | Reached *** piety under Trog
    61 | D        | Reached skill level 5 in Fighting
    61 | D        | Reached skill level 5 in Dodging
    61 | D        | Reached skill level 6 in Unarmed Combat
    61 | D        | Reached XP level 4. HP: 50/50 MP: 3/3
    79 | D        | Gained mutation: You are somewhat resistant to further
                  | mutation. [potion of mutation]
    79 | D        | Gained mutation: Your flesh is heat resistant. (rF+)
                  | [potion of mutation]
    80 | D        | Lost mutation: You are somewhat resistant to further
                  | mutation. [potion of mutation]
    80 | D        | Lost mutation: Your flesh is heat resistant. (rF+) [potion
                  | of mutation]
    80 | D        | Gained mutation: You have sharp toenails. [potion of
                  | mutation]
    81 | D        | Lost mutation: You have sharp toenails. [potion of
                  | mutation]
    81 | D        | Gained mutation: You occasionally lose the ability to read
                  | scrolls when taking damage. [potion of mutation]
    81 | D        | Gained mutation: You are strong-willed. (Will+) [potion of
                  | mutation]
    81 | D        | Gained mutation: You are covered in thick fur. (AC +2)
                  | [potion of mutation]
    82 | D        | Lost mutation: You occasionally lose the ability to read
                  | scrolls when taking damage. [potion of mutation]
    82 | D        | Lost mutation: You are strong-willed. (Will+) [potion of
                  | mutation]
    82 | D        | Gained mutation: Your magical capacity is low. (-10% MP)
                  | [potion of mutation]
    96 | D        | Noticed a water elemental
   100 | D        | Mangled by a water elemental

Illustrated notes

Levels and vault maps discovered:
D:        dungeon_sprint_mu [sprint_mu_entry_forest, sprint_mu_temple_rooms,
          sprint_mu_d1_horrors, sprint_mu_d2_genie, sprint_mu_d3_branching,
          sprint_mu_orc_legion, sprint_mu_elf_gauntlet, sprint_mu_hive_nellie,
          sprint_mu_lair_fedhas, sprint_mu_vaults_butterflies,
          sprint_mu_slime_circle, sprint_mu_swamp_cave, sprint_mu_shoals_archi,
          sprint_mu_blade_basic, sprint_mu_crypt_lich, sprint_mu_tomb_spiral,
          sprint_mu_vestibule_basic, sprint_mu_gehenna_hellfire,
          sprint_mu_dis_giant, sprint_mu_tartarus_statrot,
          sprint_mu_cocytus_islands, sprint_mu_zot1]

Skill      XL: |  1  2  3 |
---------------+----------+-----
Fighting       | 3 4 5 |  5.0
Dodging        | 3 4 5 |  5.0
Unarmed Combat | 4 6 |  6.0

Action                     |  1- 3 |  4- 6 || total
---------------------------+-------+-------++-------
  Melee: Unarmed           |    26 |     2 ||    28
         Punch             |     1 |       ||     1
    Use: Potion            |       |     4 ||     4
   Stab: Sleeping          |     1 |       ||     1
 Armour: Animal skin       |    11 |     4 ||    15
  Dodge: Dodged            |    11 |       ||    11

Table legend: (Time is in decaauts)
 A = Elapsed time spent in this place.
 B = Non-inter-level travel time spent in this place.
 C = Inter-level travel time spent in this place.
 D = Time resting spent in this place.
 E = Time spent auto-exploring this place.
 F = Levels seen in this place.
 G = Mean time per level.
                   A        B        C        D        E       F      G
               +--------+--------+--------+--------+--------+-----+--------+
         Total |     97 |     97 |      0 |      0 |     49 |   1 |   97.0 |
       Dungeon |     97 |     97 |      0 |      0 |     49 |   1 |   97.0 |
               +--------+--------+--------+--------+--------+-----+--------+

Top non-repeatable levels by time:
       D: 97 daAuts
